 Dungeon Crawl Stone Soup version 0.30-a0-222-ge547ba4400 (webtiles) character file.

Game seed: 7106693409377094934

245 qw the Chopper (level 6, -1/37 HPs)
             Began as a Gargoyle Fighter on Oct 8, 2022.
             Slain by a wyvern (15 damage)
             ... on level 6 of the Dungeon.
             The game lasted 00:00:46 (2003 turns).

qw the Chopper (Gargoyle Fighter)                   Turns: 2003, Time: 00:00:46

Health: -1/37      AC: 12    Str: 22    XL:     6   Next: 10%
Magic:  6/6        EV:  9    Int:  8    God:
Gold:   123        SH:  4    Dex:  9    Spells: 5/5 levels left

rFire   . . .      SeeInvis .    Y - +1 war axe
rCold   . . .      Faith    .    c - +0 buckler
rNeg    + . .      Spirit   .    b - +0 scale mail
rPois   inf        Reflect  .    (no helmet)
rElec   +          Harm     .    f - +0 cloak
rCorr   .          Rampage  .    (no gloves)
Will    .....                    (no boots)
Stlth   ..........               (no amulet)
HPRegen 0.26/turn                (no ring)
MPRegen 0.10/turn                (no ring)

@: no status effects
A: sickness immunity, AC +4, negative energy resistance 1, electricity
resistance, torment resistance 1, petrification resistance
a: no special abilities


You were on level 6 of the Dungeon.
You visited 1 branch of the dungeon, and saw 4 of its levels.

You collected 123 gold pieces.


Innate Abilities, Weirdness & Mutations

You are immune to sickness and miasma.
Your stone body is resilient. (AC +4)
You are immune to poison.
You resist negative energy. (rN+)
You are resistant to electric shocks. (rElec)
You are resistant to unholy torment.
You are immune to petrification.


   Skills:
 + Level 3.2 Fighting
 - Level 5.6 Axes
 - Level 3.2 Armour
 - Level 3.2 Shields


You had 5 spell levels left.
You didn't know any spells.
Your spell library was empty.

Inventory:

Hand Weapons
 g - a +0 flail
 Y - a +1 war axe (weapon)
Armour
 b - a +0 scale mail (worn)
 c - a +0 buckler (worn)
 f - a +0 cloak (worn)
Scrolls
 a - a scroll of identify
Potions
 d - a potion of might
 i - a potion of attraction

Dungeon Overview and Level Annotations

Branches:
Dungeon (6/15)
 Temple: D:4-7

Altars:

Portals:
Sewer: D:3


Message History

You closely miss the water moccasin.
The water moccasin is severely wounded.
The water moccasin bites you but does no damage.
You slash the water moccasin!
You kill the water moccasin!
Your Axes skill increases to level 5!
You have reached level 6!
You start resting.
HP restored.
You see here a water moccasin corpse.
Found a stone staircase leading up.
Sorry, I don't know how to get there.
(D) Dungeon
Where to? (* - list waypoints, Enter - D:3 @ (x,y), ? - help)
What level of the Dungeon? (default 1, ? - help)
A wyvern comes into view.
The wyvern bites you!
You slash the wyvern!
The wyvern is moderately wounded.
The wyvern bites you but does no damage.
The wyvern bites you.
You hit the wyvern.
The wyvern is heavily wounded.
The wyvern bites you but does no damage.
You closely miss the wyvern.
The wyvern is heavily wounded.
The wyvern closely misses you. The wyvern bites you.
You hit the wyvern but do no damage.
The wyvern is heavily wounded.
You block the wyvern's attack.
The wyvern bites you but does no damage.
You hit the wyvern.
The wyvern is heavily wounded.
The wyvern bites you. You block the wyvern's attack.
You closely miss the wyvern.
The wyvern is heavily wounded.
The wyvern barely misses you. x2
You hit the wyvern.
The wyvern is heavily wounded.
The wyvern bites you!
You die...

# ... #.###.####
# #........#.#
#..#...#.#.###
.<.......... ....
... #l##.####.#
#@..#......
#.....# # #.....#
#.##.....#
#......#%#
####...).#
#.....#
#.....######
...######...(....


You could see a wyvern.

Vanquished Creatures
  A water moccasin (D:6)
  An orc priest (D:3)
  An orc wizard (D:2)
  2 adders (D:2)
  3 worms (D:2)
  4 dart slugs
  7 orcs
  5 ball pythons
  A bat (D:1)
  4 endoplasms
  A giant cockroach (D:1)
  4 goblins
  2 hobgoblins (D:1)
  4 jackals (D:2)
  2 quokkas
  A frilled lizard (D:2)
  4 kobolds
  3 rats (D:1)
50 creatures vanquished.

Vanquished Creatures (others)
  A demonic plant (D:1)
1 creature vanquished.

Grand Total: 51 creatures vanquished

Notes
Turn   | Place    | Note
-------+----------+-------------------------------------------
     0 | D:1      | qw the Gargoyle Fighter began the quest for the Orb.
     0 | D:1      | Reached XP level 1. HP: 14/14 MP: 1/1
     0 | D:1      | 0 ||| qw: Version: 0.2-a-17-g79969f3
     0 | D:1      | 0 ||| qw: Game counter: 1973
     0 | D:1      | 0 ||| qw: Always use a shield: true
     0 | D:1      | 0 ||| qw: God list: Okawaru
     0 | D:1      | 0 ||| qw: Allow faded altars: false
     0 | D:1      | 0 ||| qw: Do Orc after D:15 true
     0 | D:1      | 0 ||| qw: Do second Lair branch before Depths: true
     0 | D:1      | 0 ||| qw: Lair rune preference: random
     0 | D:1      | 0 ||| qw: Plans: Normal, Zot:1-4, God:TSO, Crypt, Tomb,
                  | Pan, Slime:5, Hells, Abyss, Orb
     0 | D:1      | 0 ||| PLANNING D:1-11
    33 | D:1      | Found a faded altar of an unknown god.
    44 | D:1      | Reached skill level 2 in Axes
    89 | D:1      | Reached XP level 2. HP: 19/19 MP: 2/2
   451 | D:1      | Reached skill level 3 in Axes
   604 | D:1      | 604 ||| READING 3 scrolls labelled JARAF QIDISHREE.
   605 | D:1      | 605 ||| READING 2 scrolls labelled AXASEPH GETAGGIVI.
   606 | D:1      | 606 ||| READING 2 scrolls of identify.
   606 | D:1      | 606 ||| IDENTIFYING blue potion
   607 | D:1      | 607 ||| DROPPING scroll of vulnerability.
   608 | D:1      | 608 ||| DROPPING potion of flight.
   699 | D:2      | Reached XP level 3. HP: 14/23 MP: 3/3
   842 | D:2      | 842 ||| Stepping ~*~*~tactically~*~*~ (hiding).
   844 | D:2      | 844 ||| Stepping ~*~*~tactically~*~*~ (hiding).
   853 | D:2      | 853 ||| Stepping ~*~*~tactically~*~*~ (stealth).
   856 | D:2      | Reached XP level 4. HP: 22/28 MP: 4/4
   862 | D:2      | Reached skill level 4 in Axes
   891 | D:2      | 891 ||| DROPPING +0 club.
  1081 | D:2      | HP: 7/28 [worm (8)]
  1659 | D:2      | 1659 ||| UPGRADING to +0 cloak.
  1664 | D:2      | 1664 ||| READING scroll labelled YDECUT FUSHRUG.
  1665 | D:2      | 1665 ||| READING 2 scrolls labelled MEDGHA MUZEEMPE.
  1668 | D:2      | 1668 ||| READING scroll labelled KULATEIPEA.
  1669 | D:2      | 1669 ||| DRINKING 2 fuming black potions.
  1711 | D:3      | 1711 ||| PLANNING SEWER
  1786 | D:3      | 1786 ||| Stepping ~*~*~tactically~*~*~ (hiding).
  1788 | D:3      | 1788 ||| Stepping ~*~*~tactically~*~*~ (hiding).
  1802 | D:3      | Reached XP level 5. HP: 29/32 MP: 5/5
  1818 | D:3      | HP: 8/32 [worm (7)]
  1819 | D:3      | 1819 ||| READING scroll of teleportation.
  1931 | D:3      | Found a glowing drain.
  1932 | D:3      | 1932 ||| READING scroll labelled ENNUCAMUJEAG.
  1933 | D:3      | You fall into a shaft and drop 3 floors!
  1939 | D:6      | Identified the +2 whip of Exquisite Death {flame, rElec
                  | Str+4}
  1941 | D:6      | 1941 ||| DROPPING +2 whip of Exquisite Death {flame, rElec
                  | Str+4}.
  1942 | D:6      | Noticed a water moccasin
  1953 | D:6      | Killed a water moccasin
  1954 | D:6      | Reached skill level 5 in Axes
  1954 | D:6      | Reached XP level 6. HP: 28/37 MP: 6/6
  1994 | D:6      | Noticed a wyvern
  2003 | D:6      | Slain by a wyvern

Levels and vault maps discovered:
D:1:      kennysheep_arrival_forest, layout_basic, shapermc_ecumenical_altar_gd
D:2:      layout_basic
D:3:      layout_basic, lemuel_tele_altar, portal_sewer_entry_c
D:6:      minmay_evil_eye, layout_loops_ring, dreamdust_wishing_well,
          minmay_misc_feat_rugged

Skill      XL: |  1  2  3  4  5 |
---------------+----------------+-----
Axes           | 2 3 4 5 |  5.6
Fighting       | |  3.2
Armour         | |  3.2
Shields        | |  3.2

Action                   |  1- 3 |  4- 6 || total
-------------------------+-------+-------++-------
Melee: War axe           |    55 |    86 ||   141
  Use: Scroll            |     3 |     5 ||     8
       Potion            |       |     1 ||     1
Armor: Scale mail        |    22 |    29 ||    51
Dodge: Dodged            |    26 |    31 ||    57
Block: Buckler           |     8 |     8 ||    16

Table legend:
 A = Non-vault XP
 B = Vault XP
 C = Vault XP percentage of total XP
 D = Non-vault monster count
 E = Vault monster count
 F = Vault count percentage of total count
                 A         B        C        D         E       F
            +---------+---------+-------+---------+---------+-------
      Total |     351 |       0 |   0.0 |      50 |       0 |   0.0
            +---------+---------+-------+---------+---------+-------
        D:1 |      33 |       0 |   0.0 |      17 |       0 |   0.0
        D:2 |     113 |       0 |   0.0 |      24 |       0 |   0.0
        D:3 |      60 |       0 |   0.0 |       8 |       0 |   0.0
        D:6 |     145 |       0 |   0.0 |       1 |       0 |   0.0
            +---------+---------+-------+---------+---------+-------
